[Event "Titled Tuesday Blitz February 22 Late 2022"]
[White "P., Komal Kishore"]
[Black "Kujawski, Adam"]
[WhiteFideId "5016703"]
[BlackFideId "1100920"]
[WhiteElo "2045"]
[BlackElo "2053"]
[Result "1-0"]
[Round "08"]
[TimeControl "180+1"]
[Date "2022.02.23"]
[WhiteClock "0:00:06"]
[BlackClock "0:00:01"]

1. e4 e5 2. Nf3 Nc6 3. Bb5 a6 4. Ba4 Nf6 5. O-O b5 6. Bb3 Be7 7. Re1 d6 8. h3 O-O 9. c3 Nb8 10. d4 Nbd7 11. Nbd2 Bb7 12. Qe2 Re8 13. a4 c6 14. Qd3 Bf8 15. Nf1 exd4 16. cxd4 c5 17. axb5 axb5 18. Rxa8 Qxa8 19. Qxb5 Bxe4 20. N1d2 Rb8 21. Qa4 Qxa4 22. Bxa4 Bd5 23. b3 Nb6 24. Bb2 Nxa4 25. bxa4 Rxb2 26. dxc5 dxc5 27. Ra1 Ra2 28. Rxa2 Bxa2 29. a5 Bd5 30. a6 c4 31. Nb1 Bc5 32. Nc3 Bxf3 33. gxf3 Kf8 34. Kf1 Ke7 35. Nb5 Nd5 36. a7 Nb6 37. Ke2 Na8 38. Kd2 Bxf2 39. Kc3 h5 40. Kxc4 Ke6 41. Kd3 Kf5 42. Ke2 Bb6 43. Nd6+ Kg6 44. Nc8 Bc5 45. Kd3 1-0


[Site "https://www.chess.com"]

[Event "Titled Tuesday Blitz February 22 Late 2022"]
[White "Papp, Levente"]
[Black "Lopez Del Alamo, Antonio"]
[WhiteFideId "751243"]
[BlackFideId "2227339"]
[WhiteElo "2308"]
[BlackElo "2082"]
[Result "0-1"]
[Round "08"]
[TimeControl "180+1"]
[Date "2022.02.23"]
[WhiteClock "0:00:05"]
[BlackClock "0:00:30"]

1. c4 Nf6 2. Nc3 g6 3. e4 d6 4. g3 Bg7 5. Bg2 O-O 6. Nge2 e5 7. O-O c6 8. d3 a6 9. a4 a5 10. h3 Na6 11. Be3 Nd7 12. f4 Ndc5 13. d4 exd4 14. Nxd4 Nb4 15. Nb3 Qe7 16. Nxc5 dxc5 17. Qe2 Bd4 18. Rac1 f5 19. e5 Be6 20. b3 Rfd8 21. Rfd1 Rd7 22. Bxd4 cxd4 23. Nb1 Qc5 24. Qf2 Rad8 25. Rd2 b6 26. Rcd1 b5 27. Na3 bxa4 28. bxa4 Na6 29. Nc2 d3 30. Qxc5 Nxc5 31. Ne3 Ne4 32. Rb2 d2 33. Bxe4 fxe4 34. Kf2 Rd3 35. Ke2 Ra3 36. Rdxd2 Rxd2+ 37. Rxd2 Rxa4 38. c5 Rb4 39. Rd6 Kf7 40. Rxc6 a4 41. Ra6 Rb2+ 42. Kd1 Rb3 43. Ra7+ Kf8 44. Nc2 Rxg3 45. Nd4 Rd3+ 46. Ke2 Rxd4 47. Ke3 Rb4 48. c6 Rc4 49. c7 a3 50. Rxa3 Rxc7 51. h4 Bf5 52. Ra6 h5 53. Kd4 Rd7+ 54. Kc5 e3 55. e6 Re7 56. Ra1 Rxe6 57. Re1 Re4 58. Kd6 e2 59. Kd5 Re3 60. Kd4 Re8 61. Kd5 Bg4 62. Kd6 Rd8+ 63. Ke5 Rd1 64. Kf6 Rxe1 65. f5 Rf1 66. Kg5 Rxf5+ 67. Kh6 e1=Q 68. Kh7 Qe7+ 69. Kh6 Qg7# 0-1


[Site "https://www.chess.com"]

[Event "Titled Tuesday Blitz February 22 Late 2022"]
[White "Pesotskiy, Mikhail"]
[Black "volunteers1998"]
[WhiteFideId "34164453"]
[WhiteElo "2010"]
[BlackElo "2267"]
[Result "0-1"]
[Round "08"]
[TimeControl "180+1"]
[Date "2022.02.23"]
[WhiteClock "0:00:29"]
[BlackClock "0:00:58"]

1. d4 f5 2. c4 Nf6 3. Nc3 g6 4. g3 Bg7 5. Bg2 O-O 6. Nf3 d6 7. O-O Nc6 8. d5 Ne5 9. Nxe5 dxe5 10. e4 f4 11. gxf4 exf4 12. Bxf4 Nxe4 13. Bg3 Nxc3 14. bxc3 Bxc3 15. Rc1 Bg7 16. Re1 Bf5 17. Qe2 Rf7 18. c5 Qd7 19. c6 bxc6 20. Rxc6 Rc8 21. Rec1 Bg4 22. Qc4 Bh3 23. Rxc7 Rxc7 24. Qxc7 Qxc7 25. Rxc7 Bxg2 26. Kxg2 Bd4 27. d6 exd6 28. Rxf7 Kxf7 29. Bxd6 Ke6 30. Bb8 Kf5 31. Kf3 Bb6 32. h3 Bc5 33. Bf4 Bxf2 34. Bb8 Bb6 35. Bd6 h6 36. Bf8 h5 37. Bd6 g5 38. a4 g4+ 39. hxg4+ hxg4+ 40. Ke2 Bd4 41. Kd3 Be5 42. Bc5 a6 43. Kc4 g3 44. a5 Ke4 45. Bg1 Bf4 46. Bc5 Be3 47. Bd6 g2 48. Bh2 Kf3 49. Kd5 Kg4 50. Kc6 Kh3 51. Bg1 Bxg1 52. Kb7 Bf2 53. Kxa6 g1=Q 54. Kb7 Qb1+ 55. Ka8 Qa2 56. a6 Qxa6+ 57. Kb8 Qa7+ 58. Kc8 Kg4 59. Kd8 Kf5 60. Kc8 Ke6 61. Kd8 Qb8# 0-1


[Site "https://www.chess.com"]

[Event "Titled Tuesday Blitz February 22 Late 2022"]
[White "Pichot, Alan"]
[Black "Carbone, Diego"]
[WhiteFideId "110973"]
[BlackFideId "3002179"]
[WhiteElo "2543"]
[BlackElo "2199"]
[Result "1-0"]
[Round "08"]
[TimeControl "180+1"]
[Date "2022.02.22"]
[WhiteClock "0:01:28"]
[BlackClock "0:00:16"]

1. d4 Nf6 2. Nf3 g6 3. Bf4 Bg7 4. h3 O-O 5. Bh2 d6 6. e3 Nbd7 7. c3 b6 8. Nbd2 Bb7 9. a4 a5 10. Bb5 Re8 11. O-O Ne4 12. Nxe4 Bxe4 13. Nd2 Bb7 14. e4 c6 15. Bd3 e5 16. dxe5 Nxe5 17. Be2 d5 18. Qb3 dxe4 19. Nxe4 c5 20. Rad1 Qc7 21. Nd6 Qc6 22. f3 Red8 23. Bxe5 Bxe5 24. Nxf7 c4 25. Qxc4 Qxc4 26. Bxc4 Rxd1 27. Nxe5+ Rd5 28. Rd1 Rd8 29. Bxd5+ Rxd5 30. Rxd5 Bxd5 31. Nd7 Bc6 32. Nxb6 Kf7 33. b4 axb4 34. cxb4 Ke6 35. b5 Be8 36. Kf2 Kd6 37. Nc4+ Kc5 38. Ne5 Kb4 39. b6 1-0


[Site "https://www.chess.com"]

[Event "Titled Tuesday Blitz February 22 Late 2022"]
[White "Pultinevicius, Paulius"]
[Black "Hakobyan, Aram"]
[WhiteFideId "12809390"]
[BlackFideId "13306677"]
[WhiteElo "2413"]
[BlackElo "2557"]
[Result "0-1"]
[Round "08"]
[TimeControl "180+1"]
[Date "2022.02.22"]
[WhiteClock "0:00:02"]
[BlackClock "0:00:03"]

1. d4 Nf6 2. c4 e6 3. Nf3 b6 4. g3 Bb7 5. Bg2 g6 6. O-O Bg7 7. Re1 O-O 8. Nc3 Ne4 9. Qc2 Nxc3 10. Qxc3 c5 11. Be3 Bxf3 12. Bxf3 Nc6 13. Bxc6 dxc6 14. Red1 Qc7 15. Qc2 cxd4 16. Bxd4 e5 17. Bc3 Rad8 18. a4 h5 19. a5 h4 20. Rxd8 Rxd8 21. Qe4 hxg3 22. hxg3 b5 23. a6 Qb6 24. cxb5 cxb5 25. Qb7 Qc5 26. Ba5 Rd6 27. Bc7 Rf6 28. e3 Qc2 29. Rf1 Qa4 30. Qa8+ Kh7 31. Kg2 Qxa6 32. Rh1+ Bh6 33. Rxh6+ Kxh6 34. Qh8+ Kg5 35. Bd8 Kf5 36. Qh3+ Ke4 0-1


[Site "https://www.chess.com"]

[Event "Titled Tuesday Blitz February 22 Late 2022"]
[White "Qashashvili, Alexandre"]
[Black "Domingo Nunez, Alejandro"]
[WhiteFideId "13600842"]
[BlackFideId "22245561"]
[WhiteElo "2316"]
[BlackElo "2215"]
[Result "0-1"]
[Round "08"]
[TimeControl "180+1"]
[Date "2022.02.23"]
[WhiteClock "0:01:26"]
[BlackClock "0:01:31"]

1. e4 g6 2. Nc3 Bg7 3. Nf3 c6 4. d4 d5 5. exd5 cxd5 6. Be3 Nc6 7. Qd2 Bg4 8. Be2 Nf6 9. h3 Bxf3 10. Bxf3 O-O 11. Bh6 Bxh6 12. Qxh6 Nxd4 13. Bd1 Qb6 14. O-O Qxb2 15. Ne2 Qxa1 16. Ng3 Qc3 17. h4 Ne6 18. h5 Nxh5 19. Bxh5 gxh5 20. Nf5 Qf6 21. Qxh5 Kh8 22. Re1 Rg8 23. Ng3 Nf4 24. Qf3 e6 25. c4 Nh3+ 26. Kh2 Qxf3 27. gxf3 Ng5 28. Kg2 Rad8 29. cxd5 exd5 30. Re7 d4 31. Kf1 d3 32. Ke1 Nxf3+ 33. Kd1 Rge8 34. Nf5 Rxe7 35. Nxe7 Re8 0-1


[Site "https://www.chess.com"]

[Event "Titled Tuesday Blitz February 22 Late 2022"]
[White "Quirke, Jeffrey"]
[Black "Vargas Pereda, Jesus Manue"]
[WhiteFideId "2013029"]
[BlackFideId "5115710"]
[WhiteElo "2197"]
[BlackElo "1745"]
[Result "0-1"]
[Round "08"]
[TimeControl "180+1"]
[Date "2022.02.23"]
[WhiteClock "0:00:03"]
[BlackClock "0:00:11"]

1. c4 Nf6 2. g3 g6 3. Bg2 Bg7 4. Nf3 O-O 5. O-O d6 6. Nc3 e5 7. d3 Nbd7 8. e4 a5 9. Rb1 Nc5 10. Ne1 Nh5 11. f4 exf4 12. gxf4 f5 13. Be3 c6 14. e5 Be6 15. d4 Na6 16. d5 Bd7 17. e6 Bc8 18. Bd4 c5 19. Bxg7 Nxg7 20. Nf3 Qe7 21. Re1 Nc7 22. a4 b6 23. b3 Bb7 24. Qd3 Rae8 25. Re2 Bc8 26. Rbe1 Rf6 27. Ng5 Kh8 28. Nf7+ Kg8 29. Nh6+ Kh8 30. Bf3 Qf8 31. Nf7+ Kg8 32. h4 Re7 33. Kf2 Qe8 34. Rh1 Bxe6 35. dxe6 Ngxe6 36. Nh6+ Kg7 37. Nxf5+ gxf5 38. Rg1+ Kh8 39. Rxe6 Rfxe6 40. Nd5 Nxd5 41. Bxd5 Rg6 42. Rxg6 Qxg6 0-1


[Site "https://www.chess.com"]

[Event "Titled Tuesday Blitz February 22 Late 2022"]
[White "Romanchuk, Viktor"]
[Black "Chernomordik, Pavel"]
[WhiteFideId "14109271"]
[BlackFideId "2804530"]
[WhiteElo "2242"]
[BlackElo "2249"]
[Result "0-1"]
[Round "08"]
[TimeControl "180+1"]
[Date "2022.02.23"]
[WhiteClock "0:00:03"]
[BlackClock "0:00:12"]

1. d4 g6 2. c4 Bg7 3. Nf3 d6 4. g3 Nf6 5. Bg2 O-O 6. Nc3 c6 7. O-O a6 8. e4 Nfd7 9. Be3 b5 10. cxb5 axb5 11. a3 Nb6 12. Qc2 Nc4 13. Bf4 e5 14. dxe5 dxe5 15. Bg5 f6 16. Bc1 Be6 17. Rd1 Qe7 18. Bf1 Nd7 19. a4 b4 20. Nb1 Na5 21. Nbd2 Nc5 22. Nc4 Ncb3 23. Rb1 Bg4 24. Be2 Bxf3 25. Nxa5 Bxe2 26. Nxc6 Qe6 27. Qxe2 Qxc6 28. Be3 Qxe4 29. Qb5 Rab8 30. Qd7 Qc4 31. Rd6 Rbd8 32. Qxd8 Rxd8 33. Rxd8+ Kf7 34. Rbd1 Nd4 35. Bxd4 exd4 36. R8xd4 Qc5 37. Rd5 Qc2 38. a5 Bf8 39. a6 Qa4 40. a7 Bc5 41. Rc1 Bxa7 42. Rc7+ Ke6 43. Rdd7 Kf5 44. Rxh7 Qd1+ 45. Kg2 Qd4 46. Rhd7 Qxf2+ 47. Kh3 Qf1+ 48. Kh4 Be3 49. Rd5+ Ke4 50. Rcd7 Bg5+ 51. Kg4 Qf3+ 52. Kh3 Qf1+ 53. Kg4 Be3 54. h4 f5+ 55. Rxf5 Qxf5# 0-1


[Site "https://www.chess.com"]

[Event "Titled Tuesday Blitz February 22 Late 2022"]
[White "Rosen, Eric"]
[Black "Przybylski, Wojciech"]
[WhiteFideId "2032562"]
[BlackFideId "1117599"]
[WhiteElo "2362"]
[BlackElo "2133"]
[Result "1-0"]
[Round "08"]
[TimeControl "180+1"]
[Date "2022.02.23"]
[WhiteClock "0:00:02"]
[BlackClock "0:00:01"]

1. d4 Nf6 2. Bf4 d5 3. e3 c6 4. Nd2 Bf5 5. c4 e6 6. Qb3 Qc8 7. Ngf3 Nbd7 8. Be2 Be7 9. O-O h6 10. h3 O-O 11. Rfd1 Nb6 12. Rac1 Rd8 13. a3 Ne4 14. Ne5 Nxd2 15. Rxd2 dxc4 16. Nxc4 Nxc4 17. Bxc4 Be4 18. Qd1 Bf6 19. Qh5 Bg6 20. Qg4 Kh7 21. Qg3 Rd7 22. Bd3 Bxd3 23. Rxd3 Qd8 24. Rdc3 Qe7 25. Rc5 Rd5 26. Qf3 Rad8 27. Qe4+ Kg8 28. R5c2 Qd7 29. Bg3 a5 30. b3 Rb5 31. Rc3 Qd5 32. Qc2 e5 33. dxe5 Bxe5 34. Bxe5 Qxe5 35. Rd3 Rxd3 36. Qxd3 Rd5 37. Qc2 Qd6 38. a4 Rd2 39. Qf5 Qd7 40. Qxa5 Rd1+ 41. Rxd1 Qxd1+ 42. Kh2 Qxb3 43. Qd8+ Kh7 44. a5 Qc2 45. Qc7 Qb3 46. f4 h5 47. Qe5 g6 48. Qe4 Kg7 49. Qe5+ Kg8 50. Kg3 Qb5 51. Qb8+ Kg7 52. Qc7 Qb3 53. Qe5+ Kg8 54. Qe8+ Kg7 55. Kf2 Qb2+ 56. Kf3 Qa1 57. Qd7 Qf1+ 58. Kg3 Qe1+ 59. Kf3 Qxa5 60. Qd4+ Kg8 61. Qd8+ Kh7 62. Qb8 Qd5+ 63. Kf2 Qd2+ 64. Kf3 Qd1+ 65. Kg3 Qe1+ 66. Kf3 Qb4 67. Qc7 Qb3 68. g4 Qd5+ 69. Kg3 hxg4 70. hxg4 Kg7 71. g5 Qb3 72. Qe7 Qb2 73. Kf3 1-0


[Site "https://www.chess.com"]

[Event "Titled Tuesday Blitz February 22 Late 2022"]
[White "Sadhwani, Raunak"]
[Black "Vidit, Santosh Gujrathi"]
[WhiteFideId "35093487"]
[BlackFideId "5029465"]
[WhiteElo "2616"]
[BlackElo "2654"]
[Result "1-0"]
[Round "08"]
[TimeControl "180+1"]
[Date "2022.02.22"]
[WhiteClock "0:00:09"]
[BlackClock "0:00:01"]

1. d4 Nf6 2. Nf3 d5 3. Bf4 c5 4. e3 e6 5. Nbd2 Qb6 6. Rb1 Bd6 7. dxc5 Qxc5 8. b4 Qc7 9. Bxd6 Qxd6 10. c4 dxc4 11. Nxc4 Qxd1+ 12. Rxd1 Ke7 13. Be2 Nc6 14. a3 Rd8 15. Rxd8 Nxd8 16. Nfe5 Bd7 17. Nxd7 Nxd7 18. Kd2 Rc8 19. Rc1 Nf6 20. Bf3 Ne8 21. Na5 Rxc1 22. Kxc1 Nd6 23. Kc2 b6 24. Nb3 f5 25. a4 g5 26. h3 Kf6 27. b5 e5 28. Bd5 h5 29. Kc3 h4 30. Kb4 g4 31. a5 Ne6 32. Nd2 Ng5 33. hxg4 fxg4 34. Bc6 e4 35. Nf1 h3 36. gxh3 gxh3 37. axb6 axb6 38. Kc3 Ke5 39. Bd7 Nf5 40. Bxf5 Kxf5 41. Kd4 Kg4 42. Nh2+ Kf5 43. Kd5 Nf3 44. Nf1 Nd2 45. Nh2 Nf3 46. Nf1 Ng5 47. Kc6 Kg4 48. Nh2+ 1-0


[Site "https://www.chess.com"]

[Event "Titled Tuesday Blitz February 22 Late 2022"]
[White "Sailer, Mike"]
[Black "Mickiewicz, Piotr"]
[WhiteFideId "2012901"]
[BlackFideId "1114891"]
[WhiteElo "2109"]
[BlackElo "2266"]
[Result "0-1"]
[Round "08"]
[TimeControl "180+1"]
[Date "2022.02.23"]
[WhiteClock "0:00:04"]
[BlackClock "0:00:09"]

1. d4 e6 2. Nf3 b6 3. Bf4 Bb7 4. e3 Nf6 5. Be2 Be7 6. O-O Nh5 7. Bg3 d6 8. c4 Nd7 9. Nc3 O-O 10. a4 a5 11. Nd2 Nxg3 12. hxg3 f5 13. Bf3 c6 14. e4 fxe4 15. Bxe4 d5 16. Bd3 Bf6 17. Nf3 Qc7 18. Re1 Rae8 19. Qc2 g6 20. Ne2 Bg7 21. Nf4 e5 22. dxe5 Nxe5 23. Nxe5 Bxe5 24. cxd5 cxd5 25. Qxc7 Bxc7 26. Rxe8 Rxe8 27. Rc1 Bd6 28. Bb5 Re7 29. Bc6 Bxc6 30. Rxc6 Re1+ 31. Kh2 Bc5 32. Nxd5 Bxf2 33. Nxb6 Re5 34. g4 Re4 35. g3 Rxg4 36. Rc3 Rb4 37. Nd5 Rxb2 38. Ne7+ Kf7 39. Nd5 Be1+ 0-1


[Site "https://www.chess.com"]

[Event "Titled Tuesday Blitz February 22 Late 2022"]
[White "Salimova, Nurgyul"]
[Black "Warakomska, Anna"]
[WhiteFideId "2915138"]
[BlackFideId "1130790"]
[WhiteElo "2185"]
[BlackElo "2062"]
[Result "1-0"]
[Round "08"]
[TimeControl "180+1"]
[Date "2022.02.23"]
[WhiteClock "0:02:07"]
[BlackClock "0:00:24"]

1. d4 d5 2. Nf3 Nf6 3. Bf4 c5 4. e3 Nc6 5. Nbd2 e6 6. c3 Bd6 7. Bg3 O-O 8. Bd3 Qe7 9. Ne5 Nd7 10. f4 f5 11. O-O Nf6 12. Bh4 Bd7 13. Kh1 Be8 14. g4 fxg4 15. Nxg4 Qf7 16. Bxf6 h5 17. Nh6+ gxh6 18. Rg1+ 1-0


[Site "https://www.chess.com"]

[Event "Titled Tuesday Blitz February 22 Late 2022"]
[White "Samarth, J Rao"]
[Black "Fiorito, Fabian"]
[WhiteFideId "46652370"]
[BlackFideId "100200"]
[WhiteElo "1514"]
[BlackElo "2395"]
[Result "1-0"]
[Round "08"]
[TimeControl "180+1"]
[Date "2022.02.23"]
[WhiteClock "0:01:35"]
[BlackClock "0:00:31"]

1. c4 c6 2. e4 d5 3. cxd5 cxd5 4. exd5 Nf6 5. Qa4+ Bd7 6. Qb3 b6 7. Nc3 g6 8. Nf3 Bg7 9. d4 O-O 10. Bf4 Nh5 11. Be5 Bg4 12. Bxg7 Nxg7 13. Ne5 Bd7 14. h4 Nf5 15. O-O-O a5 16. g4 Nd6 17. h5 Na6 18. hxg6 fxg6 19. f3 Nb4 20. a3 Na6 21. Qc2 Rf6 22. Qh2 h5 23. gxh5 g5 24. Bd3 Bf5 25. Bxa6 Rxa6 26. Rdg1 Nf7 27. Nxf7 Kxf7 28. Rxg5 b5 29. Qe5 b4 30. Rhg1 Qb6 31. Rg7+ Ke8 32. Qxe7# 1-0


[Site "https://www.chess.com"]

[Event "Titled Tuesday Blitz February 22 Late 2022"]
[White "Saraci, Nderim"]
[Black "Hasangatin, Ramil"]
[WhiteFideId "6351921"]
[BlackFideId "4122160"]
[WhiteElo "2573"]
[BlackElo "2375"]
[Result "1-0"]
[Round "08"]
[TimeControl "180+1"]
[Date "2022.02.22"]
[WhiteClock "0:00:13"]
[BlackClock "0:00:02"]

1. d4 Nf6 2. c4 d6 3. Nf3 g6 4. g3 Bg7 5. Bg2 O-O 6. O-O c6 7. Nc3 Bf5 8. Re1 Ne4 9. Nxe4 Bxe4 10. Be3 d5 11. Rc1 e6 12. Qd2 Re8 13. Bh6 Bh8 14. Qc3 c5 15. Be3 Nc6 16. cxd5 Bxf3 17. Bxf3 cxd4 18. Qa3 Ne5 19. Bd2 Nxf3+ 20. Qxf3 Qxd5 21. Qxd5 exd5 22. Rc7 b6 23. Kf1 Be5 24. Rb7 Reb8 25. Rd7 Rd8 26. Rb7 Rdc8 27. Rc1 Rxc1+ 28. Bxc1 Kg7 29. Bd2 Rc8 30. Rxa7 Rc2 31. Bf4 Bxf4 32. gxf4 Rxb2 33. Rd7 Rb1+ 34. Kg2 Rb5 35. Rd6 Kf8 36. a4 Rb4 37. Rxd5 Ke7 38. a5 b5 39. a6 Ke6 40. a7 Ra4 41. Rxb5 Rxa7 42. Kf3 Ra3+ 43. Ke4 Ra2 44. Rb6+ Ke7 45. Kd3 Ra1 46. Kxd4 Rh1 47. Ke5 Rxh2 48. Rb7+ Ke8 49. e3 Rxf2 50. Kf6 Re2 51. Re7+ Kd8 52. Kxf7 h5 53. e4 h4 54. e5 h3 55. Re8+ Kd7 56. e6+ Kd6 57. Rd8+ Kc7 58. e7 h2 59. Rd1 Kc8 60. e8=Q+ Rxe8 61. Kxe8 1-0


[Site "https://www.chess.com"]

[Event "Titled Tuesday Blitz February 22 Late 2022"]
[White "Sevian, Samuel"]
[Black "Jones, Gawain C B"]
[WhiteFideId "2040506"]
[BlackFideId "409561"]
[WhiteElo "2698"]
[BlackElo "2657"]
[Result "0-1"]
[Round "08"]
[TimeControl "180+1"]
[Date "2022.02.22"]
[WhiteClock "0:00:12"]
[BlackClock "0:00:36"]

1. e4 e5 2. Nf3 Nc6 3. Bc4 Bc5 4. c3 Nf6 5. b4 Be7 6. d3 d5 7. exd5 Nxd5 8. Qb3 Be6 9. a4 O-O 10. O-O Bf6 11. Re1 Re8 12. a5 Ndxb4 13. Bxe6 Rxe6 14. cxb4 e4 15. b5 exf3 16. Rxe6 Nd4 17. Qc4 Nxe6 18. Ra2 fxg2 19. Nd2 Bg5 20. h4 Bf4 21. Nf3 Bxc1 22. Qxc1 Qxd3 23. Kxg2 Qe4 24. Qe3 Qg4+ 25. Kh2 Nf4 26. Ne1 Qxh4+ 27. Kg1 Qg5+ 28. Kh2 h6 29. Rc2 Rd8 30. Rxc7 Qh4+ 31. Kg1 Nd5 32. Ng2 Qf6 33. Qc5 Nxc7 34. Qxc7 Rd1+ 35. Kh2 Qd6+ 0-1


[Site "https://www.chess.com"]

[Event "Titled Tuesday Blitz February 22 Late 2022"]
[White "Sharafiev, Azat"]
[Black "Gracia Alvarez, Gerardo Antonio"]
[WhiteFideId "4186214"]
[BlackFideId "5109124"]
[WhiteElo "2299"]
[BlackElo "2139"]
[Result "1-0"]
[Round "08"]
[TimeControl "180+1"]
[Date "2022.02.23"]
[WhiteClock "0:01:04"]
[BlackClock "0:00:19"]

1. d4 Nf6 2. Nf3 g6 3. Ng1 Bg7 4. Nf3 O-O 5. Bg5 c5 6. Nbd2 cxd4 7. Nxd4 d5 8. e3 e5 9. N4f3 h6 10. Bh4 Nc6 11. Be2 Re8 12. Nb3 Be6 13. O-O Qb6 14. a4 a5 15. Bb5 Ne4 16. Nfd2 Nd6 17. Be2 Nf5 18. Bg3 Rad8 19. Bb5 Nd6 20. Be2 Nf5 21. Bb5 d4 22. exd4 Nxg3 23. hxg3 exd4 24. Nc4 Qc7 25. Nc5 Bc8 26. Qd2 b6 27. Nd3 Re7 28. Rae1 Rxe1 29. Rxe1 Na7 30. Qf4 Nxb5 31. axb5 Qxc4 32. Re7 Be6 33. Ne5 Bxe5 34. Qxe5 Qd5 35. Qc7 Qd6 36. Re8+ Rxe8 37. Qxd6 Bf5 38. Qxd4 Bxc2 39. Qxb6 a4 40. Qc6 Re1+ 41. Kh2 Be4 42. Qe8+ Kg7 43. f3 1-0


[Site "https://www.chess.com"]

[Event "Titled Tuesday Blitz February 22 Late 2022"]
[White "Shirov, Alexei"]
[Black "Hakemi, Arman"]
[WhiteFideId "2209390"]
[BlackFideId "22520805"]
[WhiteElo "2645"]
[BlackElo "2208"]
[Result "0-1"]
[Round "08"]
[TimeControl "180+1"]
[Date "2022.02.22"]
[WhiteClock "0:00:14"]
[BlackClock "0:01:07"]

1. d4 Nf6 2. Nf3 g6 3. Bg5 Bg7 4. Nbd2 O-O 5. e4 d6 6. Bd3 Nc6 7. c3 h6 8. Bh4 g5 9. Bg3 Nh5 10. Nc4 e5 11. dxe5 Nxg3 12. hxg3 dxe5 13. Ne3 Ne7 14. Qe2 c6 15. O-O-O Qc7 16. Bc4 b5 17. Bb3 a5 18. Nxg5 a4 19. Bxf7+ Rxf7 20. Nxf7 Kxf7 21. Ng4 Ng8 22. Qf3+ Kg6 23. Ne3 Nf6 24. Nf5 Bxf5 25. Qxf5+ Kf7 26. f4 Re8 27. Rhe1 a3 28. b4 c5 29. Rd3 cxb4 30. Red1 Kg8 31. fxe5 Rxe5 32. Rd8+ Ne8 33. Qf3 Qc4 34. R1d5 Re7 35. Qd3 Qxa2 36. Rxb5 Qb2+ 37. Kd1 a2 38. Qd5+ Kh8 0-1


[Site "https://www.chess.com"]

[Event "Titled Tuesday Blitz February 22 Late 2022"]
[White "Sjugirov, Sanan"]
[Black "Paravyan, David"]
[WhiteFideId "4189302"]
[BlackFideId "4194985"]
[WhiteElo "2602"]
[BlackElo "2569"]
[Result "1/2-1/2"]
[Round "08"]
[TimeControl "180+1"]
[Date "2022.02.22"]
[WhiteClock "0:00:06"]
[BlackClock "0:00:16"]

1. d4 Nf6 2. c4 g6 3. Nc3 d5 4. cxd5 Nxd5 5. e4 Nxc3 6. bxc3 Bg7 7. Nf3 c5 8. Be3 Bg4 9. Qd2 O-O 10. Rc1 Bxf3 11. gxf3 e6 12. h4 cxd4 13. cxd4 Nc6 14. e5 Qd5 15. Be2 Rfd8 16. Rd1 h5 17. O-O Rac8 18. Kg2 Na5 19. Bd3 b6 20. Be4 Qb5 21. Bd3 Qa4 22. Qe2 Nc4 23. Be4 Nxe3+ 24. fxe3 Rc3 25. f4 b5 26. Rd2 b4 27. Bf3 Qa3 28. Re1 Bf8 29. d5 exd5 30. Bxd5 Qa5 31. Red1 Kg7 32. Bb3 Rxd2 33. Rxd2 Qb6 34. Qf3 Qc7 35. e6 fxe6 36. Bxe6 Rc2 37. Rxc2 Qxc2+ 38. Kh3 Qc5 39. Qe4 a5 40. Kg3 Be7 41. Bd5 Bf6 42. Qe6 Qe7 43. Qxe7+ Bxe7 44. Bc6 Kf6 45. e4 Bc5 46. e5+ Kf7 47. Bd5+ Kg7 48. Bb3 Bd4 49. Bc2 Bc3 50. Kh3 Be1 51. Bb3 Bd2 52. Kg3 Be1+ 53. Kh3 Kf8 54. Bc2 Kf7 55. Bb3+ Kg7 56. Bc2 Bf2 57. Bb3 Bd4 58. Bc2 Bc3 59. Bb3 Bd2 60. Kg3 Be1+ 61. Kh3 1/2-1/2


[Site "https://www.chess.com"]

[Event "Titled Tuesday Blitz February 22 Late 2022"]
[White "Sliwicki, Damian"]
[Black "Sargsyan, Anna M."]
[WhiteFideId "1127128"]
[BlackFideId "13308130"]
[WhiteElo "2084"]
[BlackElo "2271"]
[Result "0-1"]
[Round "08"]
[TimeControl "180+1"]
[Date "2022.02.23"]
[WhiteClock "0:00:56"]
[BlackClock "0:01:19"]

1. e4 c6 2. Nc3 d5 3. Nf3 Bg4 4. h3 Bxf3 5. Qxf3 Nf6 6. d3 e6 7. Qg3 Qb6 8. Be2 d4 9. Nb1 Bb4+ 10. Bd2 Bxd2+ 11. Nxd2 O-O 12. Nc4 Qb4+ 13. Nd2 Qxb2 14. O-O b5 15. Nb3 Nbd7 16. Qd6 e5 17. Nc5 Qxc2 18. Nxd7 Nxd7 19. Bd1 Qc3 20. Bb3 Rad8 21. Rac1 Qxd3 22. Rxc6 Nb8 23. Bxf7+ Kh8 0-1


[Site "https://www.chess.com"]

[Event "Titled Tuesday Blitz February 22 Late 2022"]
[White "Svane, Rasmus"]
[Black "Golubka, Petro"]
[WhiteFideId "4657101"]
[BlackFideId "14114224"]
[WhiteElo "2645"]
[BlackElo "2392"]
[Result "1-0"]
[Round "08"]
[TimeControl "180+1"]
[Date "2022.02.22"]
[WhiteClock "0:01:42"]
[BlackClock "0:01:46"]

1. Nf3 Nf6 2. g3 e6 3. Bg2 d5 4. O-O Be7 5. c4 O-O 6. b3 c6 7. Bb2 Nbd7 8. Qc2 b6 9. d3 Bb7 10. e4 Rc8 11. Nbd2 a5 12. Rad1 h6 13. Qb1 Nh7 14. d4 c5 15. exd5 exd5 16. Rfe1 Bf6 17. cxd5 Bxd5 18. Ne4 Bxe4 19. Rxe4 c4 20. bxc4 Rxc4 21. Ne5 Rc7 22. Ba3 Re8 23. Nxf7 Kxf7 24. Rxe8 Qxe8 25. Bd5+ 1-0


[Site "https://www.chess.com"]

[Event "Titled Tuesday Blitz February 22 Late 2022"]
[White "Tan, Jun Ying"]
[Black "Rustemov, Alexander"]
[WhiteFideId "5710413"]
[BlackFideId "4119002"]
[WhiteElo "1827"]
[BlackElo "2689"]
[Result "0-1"]
[Round "08"]
[TimeControl "180+1"]
[Date "2022.02.23"]
[WhiteClock "0:00:05"]
[BlackClock "0:00:12"]

1. d4 g6 2. c4 Bg7 3. e4 d6 4. Nc3 Nc6 5. Be3 e5 6. Nge2 Nh6 7. f3 f5 8. d5 Ne7 9. Qd2 Nf7 10. O-O-O O-O 11. Kb1 a6 12. Nc1 Bd7 13. c5 dxc5 14. Bxc5 Nd6 15. Nb3 Qe8 16. Bd3 Qf7 17. Rc1 b6 18. Be3 Rfc8 19. Rc2 h5 20. Rhc1 Kh7 21. Ne2 Ne8 22. d6 cxd6 23. Bc4 Be6 24. Bxe6 Qxe6 25. Bxb6 Rxc2 26. Rxc2 d5 27. Bc5 dxe4 28. Bxe7 exf3 29. gxf3 Qxe7 30. Nc3 Nf6 31. Nd5 Nxd5 32. Qxd5 Rd8 33. Qc4 Rd1+ 34. Rc1 Rxc1+ 35. Nxc1 Qd6 36. a3 Qb6 37. b4 e4 38. fxe4 Qf6 39. Kc2 Qb2+ 40. Kd1 Qxa3 41. exf5 Qf3+ 42. Ne2 gxf5 43. Qxa6 Qb3+ 44. Ke1 Qxb4+ 45. Kf1 Qg4 46. Qd3 h4 47. h3 Qe4 48. Qxe4 fxe4 49. Kf2 Kg6 50. Ke3 Kf5 51. Nc1 Bf8 52. Nb3 Ke5 53. Kf2 Kf4 54. Nd4 Bc5 55. Kg2 Bxd4 56. Kh2 e3 57. Kg2 e2 58. Kh2 e1=Q 59. Kg2 Qg1# 0-1


[Site "https://www.chess.com"]

[Event "Titled Tuesday Blitz February 22 Late 2022"]
[White "Tanenbaum, Zachary"]
[Black "Baskin, Robert"]
[WhiteFideId "2060850"]
[BlackFideId "24662402"]
[WhiteElo "2698"]
[BlackElo "2555"]
[Result "0-1"]
[Round "08"]
[TimeControl "180+1"]
[Date "2022.02.23"]
[WhiteClock "0:00:08"]
[BlackClock "0:00:08"]

1. e4 d6 2. d4 Nf6 3. Nc3 g6 4. Bg5 c6 5. Qd2 Nbd7 6. O-O-O b5 7. e5 b4 8. exf6 bxc3 9. Qxc3 Nxf6 10. Bxf6 exf6 11. Qxc6+ Bd7 12. Re1+ Be7 13. Qxd6 Kf8 14. Qd5 Kg7 15. Bc4 Rf8 16. h4 h5 17. Nh3 Rb8 18. Nf4 Bb4 19. Re3 Bf5 20. Nxh5+ Kh6 21. Ng3 Bg4 22. Qxd8 Rfxd8 23. Bxf7 Bd6 24. c3 Bf4 25. h5 g5 26. Ne4 Bf5 27. Nc5 g4 28. Kd2 Rxb2+ 29. Ke1 Bxe3 30. fxe3 Rb1+ 31. Kf2 Rxh1 32. Kg3 Rxh5 33. Bxh5 Kxh5 34. e4 Bc8 35. Kf4 Rh8 36. g3 Kg6 37. d5 Rh2 38. Ke3 Rg2 39. e5 Rxg3+ 40. Kf4 Rf3+ 41. Ke4 Bf5+ 42. Kd4 fxe5+ 43. Kxe5 g3 44. Kd6 g2 45. Nd7 Bxd7 46. Kxd7 g1=Q 47. c4 Qc5 48. Ke6 Re3+ 49. Kd7 Re7+ 50. Kd8 Qc7# 0-1


[Site "https://www.chess.com"]